 Dungeon Crawl Stone Soup version 0.20.1-1-g8b1a95d (webtiles) character file.

7 letownia2 the Magician (level 2, 1/15 HPs)
             Began as a Gargoyle Wizard on Jan 2, 2018.
             Quit the game on level 4 of the Dungeon.
             The game lasted 00:01:00 (302 turns).

letownia2 the Magician (Gargoyle Wizard)             Turns: 302, Time: 00:01:01

Health: 1/15       AC:  5    Str: 10    XL:     2   Next: 0%
Magic:  0/6        EV: 11    Int: 18    God:
Gold:   16         SH:  0    Dex:  8    Spells: 4/7 levels left

rFire    . . .     SeeInvis .   (no weapon)
rCold    . . .     Gourm    .   (no shield)
rNeg     + . .     Faith    .   e - +0 leather armour
rPois    ∞         Spirit   .   b - +0 hat
rElec    +         Reflect  .   (no cloak)
rCorr    .         Harm     .   (no gloves)
MR       .....                  (no boots)
Stlth    +.........             (no amulet)
Regen    0.1/turn               (no ring)
MPRegen  0.1/turn               (no ring)

@: no status effects
A: negative energy resistance 1, electricity resistance, unbreathing,
petrification resistance, rot immunity, AC +2
a: no special abilities


You were on level 4 of the Dungeon.
You were not hungry.

You visited 1 branch of the dungeon, and saw 4 of its levels.

You collected 16 gold pieces.

Inventory:

Armour
 a - a +0 robe
 b - a +0 hat (worn)
 e - a +0 leather armour (worn)
Books
 c - a book of Minor Magic

   Spells                             Type                      Level
   a - Magic Dart                     Conjuration                  1
   b - Blink                          Translocation                2
   c - Call Imp                       Summoning                    2
   d - Slow                           Hexes                        2
   e - Conjure Flame                  Conjuration/Fire             3
   f - Mephitic Cloud                 Conjuration/Poison/Air       3
Comestibles
 d - a bread ration
 f - 3 fruits


   Skills:
 - Level 1.5 Dodging
 - Level 2.1 Stealth
 - Level 3.0 Spellcasting
 + Level 2.1 Conjurations
   Level 0.8 Summonings
 - Level 0.8 Translocations


You had 4 spell levels left.
You knew the following spells:

 Your Spells              Type           Power        Failure   Level  Hunger
a - Magic Dart            Conj           ##..         9%          1    None
b - Blink                 Tloc           N/A          24%         2    ##.....


Dungeon Overview and Level Annotations

Branches:
Dungeon (4/15)
 Temple: D:4-7

Altars:
Cheibriados
Zin


Innate Abilities, Weirdness & Mutations

You are resistant to torment.
Your stone body is resilient. (AC +2)
You are immune to poison.
You resist negative energy. (rN+)
You are resistant to electric shocks. (rElec)
You can survive without breathing.
You are immune to petrification.
You are immune to rotting.


Message History

Aiming: Magic Dart
Press: ? - help, Shift-Dir - straight line, f/p - worker ant
Aim: a worker ant The magic dart hits the worker ant.
The worker ant bites you.
Casting: Magic Dart
Confirm with . or Enter, or press ? or * to list all spells.
Aiming: Magic Dart
Press: ? - help, Shift-Dir - straight line, f/p - worker ant
Aim: a worker ant The magic dart hits the worker ant.
The worker ant is lightly wounded.
The worker ant misses you. The worker ant bites you.
* * * LOW HITPOINT WARNING * * *
Casting: Magic Dart
Confirm with . or Enter, or press ? or * to list all spells.
You don't have enough magic to cast that spell.
No previous command to re-do.
No previous command to re-do.
No previous command to re-do.
Are you sure you want to abandon this character and quit the game? (Confirm with "yes".)

#...## #. #...## ###....## #..
#...## #.......## ##.## ##...#
....<....######...######.#
....................###..#
.....##......#...........#
....###..######..........##
†... #...# #....#......# ....
#...## ##.@a###...#.##
###..#....####....###...#..####
##.......##......##...##.##.#
#.......(...###...##.......##
#.........### ###.......####
#........### ##...>###
.......#..# ##...## ..#######..
#.#...# ##. #####.#


You could see a worker ant.

Vanquished Creatures
  A leopard gecko (D:1)
  A giant cockroach (D:1)
  A hobgoblin (D:1)
  A quokka (D:4)
  A frilled lizard (D:2)
5 creatures vanquished.

Notes
Turn   | Place    | Note
-------+----------+-------------------------------------------
     0 | D:1      | letownia2 the Gargoyle Wizard began the quest for the Orb.
     0 | D:1      | Reached XP level 1. HP: 10/10 MP: 4/4
   184 | D:2      | Found a glowing silver altar of Zin.
   187 | D:2      | Found a snail-covered altar of Cheibriados.
   200 | D:4      | Reached XP level 2. HP: 15/15 MP: 3/6
   233 | D:4      | Learned a level 2 spell: Blink
   302 | D:4      | Quit the game

Skill      XL: |  1 |
---------------+----+-----
Conjurations   | 2 |  2.1
Dodging        | |  1.5
Stealth        | |  2.1
Spellcasting   | |  3.0
Summonings     | |  0.8
Translocations | |  0.8

Action                   || total
-------------------------++-------
Melee: Unarmed           ||    12
 Cast: Magic Dart        ||    18
Armor: Leather armour    ||    11
       Robe              ||     2
Dodge: Dodged            ||    16
